 Dungeon Crawl Stone Soup version 0.29-a0-468-ge57f7f99b4 (webtiles) character file.

Game seed: 12987587300650712098

75 dabmancer the Magician (level 4, -2/27 HPs)
             Began as an Octopode Hedge Wizard on May 21, 2022.
             Slain by a gnoll
             ... wielding a +0 halberd
              (14 damage)
             ... on level 4 of the Dungeon.
             The game lasted 00:13:25 (2831 turns).

dabmancer the Magician (Octopode Hedge Wizard)      Turns: 2831, Time: 00:13:25

Health: -2/27      AC:  1    Str:  9    XL:     4   Next: 31%
Magic:  0/9        EV: 13    Int: 18    God:
Gold:   66         SH:  0    Dex: 11    Spells: 3/10 levels left

rFire   . . .      SeeInvis .   k - +2 short sword (venom)
rCold   . . .      Faith    .   (no shield)
rNeg    . . .      Spirit   .   b - +0 hat
rPois   .          Reflect  .   (no amulet)
rElec   .          Harm     .   (no ring)
rCorr   .          Rampage  .   (no ring)
Will    .....                   (no ring)
Stlth   +++.......              (no ring)
HPRegen 0.09/turn               (no ring)
MPRegen 0.11/turn               (no ring)
                                (no ring)
                                (no ring)

@: on blink cooldown, very slightly contaminated
A: almost no armour, amphibious, 8 rings, camouflage 1, gelatinous body 1,
(nimble swimmer 1), tentacles
a: no special abilities


You were on level 4 of the Dungeon.
You visited 1 branch of the dungeon, and saw 3 of its levels.

You collected 66 gold pieces.

Inventory:

Hand Weapons
 a - a +0 dagger
 e - a +0 club
 h - a +0 whip
 k - a +2 short sword of venom (weapon)
Missiles
 f - 37 stones
 j - 3 poisoned darts
Armour
 b - a +0 hat (worn)
Scrolls
 g - 3 scrolls of identify {unknown}
 l - a scroll of fog {unknown}
Potions
 c - a potion of magic
 d - a potion of mutation {unknown}
 i - 3 potions of heal wounds {unknown}
 m - a potion of flight {unknown}


   Skills:
 + Level 0.7 Fighting
 + Level 0.2 Maces & Flails
 + Level 2.4 Dodging
 + Level 3.0 Stealth
 + Level 3.9 Spellcasting
 + Level 1.9 Conjurations
 + Level 1.0 Summonings
 + Level 1.0 Translocations


You had 3 spell levels left.
You knew the following spells:

 Your Spells              Type           Power      Damage    Failure   Level
a - Magic Dart            Conj           40%        1d5       7%          1
b - Blink                 Tloc           14%        N/A       16%         2
c - Call Imp              Summ           7%         N/A       16%         2
d - Apportation           Tloc           14%        N/A       10%         1
e - Summon Small Mammal   Summ           28%        N/A       10%         1

Your spell library contained the following spells:

 Spells                   Type           Power      Damage    Failure   Level
 Necrotize                Necr           12%        1d4       16%         1
 Slow                     Hex            12%        N/A       16%         1
 Poisonous Vapours        Pois/Air       6%         N/A       22%         2
 Conjure Flame            Conj/Fire      7%         6-21      30%         3
 Mephitic Cloud           Conj/Pois/Air  5%         N/A       34%         3
 Corpse Rot               Necr/Pois/Air  3%         N/A       83%         4


Dungeon Overview and Level Annotations

Branches:
Dungeon (2/15)

Altars:

Shops:
D:1 [


Innate Abilities, Weirdness & Mutations

You cannot wear most types of armour.
You are amphibious.
You can wear up to eight rings at the same time.
Your skin changes colour to match your surroundings (Stealth+).
Your rubbery body absorbs attacks. (AC +1, EV +1)
((You are camouflaged when in or above water. (Stealth+)))
You have tentacles for arms and can constrict up to eight enemies at once.


Message History

The magic dart hits the kobold.
The kobold is severely wounded.
The kobold shouts!
You hear a shout!
The magic dart hits the kobold.
You kill the kobold!
A gnoll comes into view. It is wielding a +0 club.
A gnoll comes into view. It is wielding a +0 halberd.
The gnoll shouts!
There is a large open door here.
Casting: Magic Dart (safe; 7% risk of failure)
Confirm with . or Enter, or press ? or * to list all spells.
You miscast Call Imp.
You are very lightly contaminated with residual magic.
Nothing appears to happen.
Casting: Call Imp (safe; 16% risk of failure)
Confirm with . or Enter, or press ? or * to list all spells.
You miscast Call Imp.
Nothing appears to happen.
Casting: Call Imp (safe; 16% risk of failure)
Confirm with . or Enter, or press ? or * to list all spells.
A beastly little devil appears in a puff of flame.
Your crimson imp blinks!
Your crimson imp barely misses the gnoll.
You see here a ball python corpse.
The gnoll misses your crimson imp.
Your crimson imp blinks!
Casting: Call Imp (safe; 16% risk of failure)
Confirm with . or Enter, or press ? or * to list all spells.
Okay, then.
The magic dart hits the gnoll.
The gnoll is heavily wounded.
Casting: Magic Dart (safe; 7% risk of failure)
Confirm with . or Enter, or press ? or * to list all spells.
You blink.
A gnoll comes into view. It is wielding a +0 flail.
The gnoll closely misses you. The gnoll attacks as you move away!
The gnoll hits you with a +0 halberd!
Ouch! That really hurt!
The gnoll hits you from afar with a +0 halberd!
Ouch! That really hurt!
You die...

#<.# ####++####
#.)#
#≈≈≈..≈≈≈#######..#
≈≈......≈≈##......#
#.5.≈≈## #..#
#§...≈≈## #gg#
#.gg..≈≈###..#
#......≈≈#...#
##..@...≈##.##
#⌠#.....g#..#
#######†.'.##
#..'.# ....≈###
.....)≈# ......≈≈#
.....≈≈## ....≈≈##


You could see 3 gnolls and a friendly crimson imp (summoned).

Vanquished Creatures
  2 adders
  2 dart slugs (D:1)
  A bat (D:1)
  7 endoplasms
  3 giant cockroaches
  4 goblins
  4 hobgoblins (D:1)
  2 jackals (D:2)
  6 kobolds
  4 quokkas
  7 ball pythons
  3 frilled lizards
  3 rats (D:2)
48 creatures vanquished.

Vanquished Creatures (others)
  A plant (D:1)
1 creature vanquished.

Grand Total: 49 creatures vanquished

Notes
Turn   | Place    | Note
-------+----------+-------------------------------------------
     0 | D:1      | dabmancer the Octopode Hedge Wizard began the quest for the
                  | Orb.
     0 | D:1      | Reached XP level 1. HP: 11/11 MP: 4/4
   341 | D:1      | Reached XP level 2. HP: 14/17 MP: 1/6
   651 | D:1      | Found Neduas's Antique Armour Shoppe.
   972 | D:1      | Reached XP level 3. HP: 21/21 MP: 4/8
  1782 | D:1      | Learned a level 2 spell: Blink
  1785 | D:1      | Learned a level 2 spell: Call Imp
  2208 | D:2      | Learned a level 1 spell: Apportation
  2210 | D:2      | Learned a level 1 spell: Summon Small Mammal
  2222 | D:2      | Reached XP level 4. HP: 24/27 MP: 7/9
  2424 | D:2      | Found a faded altar of an unknown god.
  2698 | D:2      | You fall into a shaft and drop 2 floors!
  2831 | D:4      | Slain by a gnoll

Illustrated notes

Levels and vault maps discovered:
D:1:      scummos_arrival_star, layout_loops_ring, serial_shops,
          nicolae_shop_competitors_out_of_business, chequers_big_river,
          hangedman_decor_push, hex_medium
D:2:      layout_loops_cross, dilly_ecumenical_altar_fadedgnrine, basic_altar,
          minmay_domino_2
D:4:      layout_loops_ring, kennysheep_cross_room, nicolae_figureground_pulse

Skill      XL: |  1  2  3 |
---------------+----------+-----
Stealth        | 3 |  3.0
Fighting       | |  0.7
Maces & Flails | |  0.2
Dodging        | |  2.4
Spellcasting   | |  3.9
Conjurations   | |  1.9
Summonings     | |  1.0
Translocations | |  1.0

Action                   |  1- 3 |  4- 6 || total
-------------------------+-------+-------++-------
Melee: Dagger            |     6 |       ||     6
       Constrict         |    13 |     1 ||    14
       Tentacles         |    11 |       ||    11
       Club              |     3 |       ||     3
       Whip              |    15 |       ||    15
       Short sword       |    14 |     5 ||    19
       Punch             |     1 |       ||     1
 Cast: Magic Dart        |    74 |    22 ||    96
       Blink             |       |     1 ||     1
       Call Imp          |       |     1 ||     1
Armor: Skin              |     2 |     1 ||     3
Dodge: Dodged            |    19 |     2 ||    21

Table legend: (Time is in decaauts)
 A = Elapsed time spent in this place.
 B = Non-inter-level travel time spent in this place.
 C = Inter-level travel time spent in this place.
 D = Time resting spent in this place.
 E = Time spent auto-exploring this place.
 F = Levels seen in this place.
 G = Mean time per level.
                   A        B        C        D        E       F      G
               +--------+--------+--------+--------+--------+-----+--------+
         Total |   2833 |   2740 |     93 |    493 |   1797 |   3 |  944.3 |
       Dungeon |   2833 |   2740 |     93 |    493 |   1797 |   3 |  944.3 |
               +--------+--------+--------+--------+--------+-----+--------+

Top non-repeatable levels by time:
     D:1: 1943 daAuts
     D:2: 756 daAuts
     D:4: 132 daAuts
